 Dungeon Crawl Stone Soup version 0.27.1-34-g3ba077fa99 (webtiles) character file.

Game seed: 17719323182321844148

107 Caestello the Stinger (level 5, 0/35 HPs)
             Began as a Formicid Venom Mage on Jan 8, 2022.
             Was a Believer of Elyvilon.
             Slain by an orc wizard (2 damage)
             ... on level 9 of the Dungeon.
             The game lasted 00:11:30 (2341 turns).

Caestello the Stinger (Formicid Venom Mage)         Turns: 2341, Time: 00:11:31

Health: 0/35       AC:  2    Str: 12    XL:     5   Next: 11%
Magic:  1/9        EV: 12    Int: 16    God:    Elyvilon [**....]
Gold:   74         SH:  0    Dex: 11    Spells: 5/10 levels left

rFire    . . .     SeeInvis +   (no weapon)
rCold    . . .     Faith    .   (no shield)
rNeg     . . .     Spirit   .   a - +0 robe
rPois    .         Reflect  .   (helmet unavailable)
rElec    .         Harm     .   (no cloak)
rCorr    .         Rampage  .   (no gloves)
Will     .....                  (no boots)
Stlth    ++........             (no amulet)
HPRegen  0.11/turn              g - ring of flight
MPRegen  0.11/turn              (no ring)

@: brilliant, flying
A: permanent stasis, dig shafts and tunnels, antennae 3, four strong arms
a: Dig, Shaft Self, Renounce Religion, Lesser Healing, Heal Other, Divine
Protection


You were on level 9 of the Dungeon.
You worshipped Elyvilon.
Elyvilon was pleased with you.
You visited 1 branch of the dungeon, and saw 7 of its levels.

You collected 74 gold pieces.

Inventory:

Armour
 a - a +0 robe (worn)
Jewellery
 g - a ring of flight (left hand)
Scrolls
 f - a scroll of amnesia {unknown}
 h - a scroll of silence {unknown}
 i - a scroll of teleportation {unknown}


   Skills:
 + Level 1.9 Dodging
 + Level 3.2 Stealth
 + Level 3.0 Spellcasting
 + Level 2.3 Transmutations
 + Level 5.4 Poison Magic


You had 5 spell levels left.
You knew the following spells:

 Your Spells              Type           Power      Damage    Failure   Level
a - Sting                 Tmut/Pois      88%        1d7       3%          1
b - Poisonous Vapours     Pois/Air       32%        N/A       9%          2
c - Slow                  Hex            3%         N/A       28%         2

Your spell library contained the following spells:

 Spells                   Type           Power      Damage    Failure   Level
 Olgreb's Toxic Radiance  Pois           29%        N/A       21%         4
 Mephitic Cloud           Conj/Pois/Air  12%        N/A       26%         3
 Confusing Touch          Hex            3%         N/A       50%         3
 Yara's Violent Unravell  Hex/Tmut       4%         3d4       97%         5


Dungeon Overview and Level Annotations

Branches:
Dungeon (4/15)
 Temple: D:4-7

Altars:
Elyvilon

Annotations:
D:4 Eustachio


Innate Abilities, Weirdness & Mutations

You cannot be hasted, slowed, berserked, paralysed or teleported.
You can dig through walls and to a lower floor.
You have a pair of large antennae on your head. (SInv)
Your four strong arms can wield two-handed weapons with a shield.


Message History

The orc wizard is poisoned.
The orc wizard is lightly wounded.
The orc wizard barely misses you.
Casting: Sting (safe; 3% risk of failure)
Confirm with . or Enter, or press ? or * to list all spells.
Aiming: Sting (safe; 3% risk of failure)
Press: ? - help, Shift-Dir - straight line, f/p - orc wizard
Aim: an orc wizard, wielding a +0 dagger and wearing a +0 robe (lightly wounded, slightly transparent, poisoned, 70% to hit)
You feel a surge of power!
The sting hits the orc wizard.
The orc wizard looks even sicker.
The orc wizard is heavily wounded.
The orc wizard hits you with a +0 dagger.
* * * LOW HITPOINT WARNING * * *
You barely miss the orc wizard.
The orc wizard is heavily wounded.
The orc wizard points at you and mumbles some strange words.
You resist with some effort.
You hit the orc wizard but do no damage.
The orc wizard is heavily wounded.
The orc wizard hits you but does no damage.
The orc wizard points at you and mumbles some strange words.
The orc wizard resists with some effort.
You barely miss the orc wizard.
The orc wizard is heavily wounded.
The orc wizard barely misses you.
You barely miss the orc wizard.
The orc wizard is heavily wounded.
The orc wizard hits you with a +0 dagger.
* * * LOW HITPOINT WARNING * * *
You barely miss the orc wizard.
The orc wizard is heavily wounded.
The orc wizard hits you but does no damage.
The orc wizard casts a spell at you.
The puff of flame misses the orc wizard.
The puff of flame hits you.
* * * LOW HITPOINT WARNING * * *
As you read the scroll labelled KIS USAIVAVVEME, it crumbles to dust.
The scroll dissolves into smoke.
It was a scroll of fog.
The orc wizard hits you with a +0 dagger.
You die...

## ##.. #§##
##....#
#@##......#
#o#.......#
#o§.......#####
#..........#..#
##.............
#.............
####.....?..#
##.......##
##)))....#...


You could see 2 orc wizards.

Vanquished Creatures
  An orc wizard (D:3)
  3 gnolls (D:3)
  2 orcs (D:9)
  4 bats
  7 endoplasms
  A goblin (D:1)
  5 hobgoblins
  A quokka (D:1)
  3 ball pythons
  3 frilled lizards
  A kobold (D:3)
  5 rats
36 creatures vanquished.

Vanquished Creatures (others)
  An orc wizard (D:9)
1 creature vanquished.

Grand Total: 37 creatures vanquished

Notes
Turn   | Place    | Note
-------+----------+-------------------------------------------
     0 | D:1      | Caestello the Formicid Venom Mage began the quest for the
                  | Orb.
     0 | D:1      | Reached XP level 1. HP: 13/13 MP: 3/3
   341 | D:1      | Found a faded altar of an unknown god.
   349 | D:1      | Became a worshipper of Elyvilon the Healer
   349 | D:1      | Reached * piety under Elyvilon
   456 | D:1      | Reached XP level 2. HP: 19/19 MP: 1/5
   459 | D:1      | Learned a level 2 spell: Poisonous Vapours
   786 | D:1      | Reached ** piety under Elyvilon
  1524 | D:2      | Reached XP level 3. HP: 24/24 MP: 4/6
  1625 | D:2      | Learned a level 2 spell: Slow
  1913 | D:3      | Reached skill level 5 in Poison Magic
  1926 | D:3      | Reached XP level 4. HP: 30/30 MP: 1/7
  2083 | D:3      | Noticed an orc warrior
  2164 | D:4      | Noticed Eustachio
  2178 | D:4      | You are sucked into a shaft and drop 3 floors!
  2294 | D:7      | Noticed a sky beast
  2300 | D:7      | You are sucked into a shaft and drop 1 floor!
  2300 | D:8      | Noticed a centaur
  2300 | D:8      | Noticed a bullfrog
  2303 | D:8      | You are sucked into a shaft and drop 1 floor!
  2320 | D:9      | Reached XP level 5. HP: 15/35 MP: 0/9
  2341 | D:9      | Slain by an orc wizard

Illustrated notes

Levels and vault maps discovered:
D:1:      minmay_arrival_hallway, layout_basic,
          hellmonk_ecumenical_altar_slurped_away, minmay_misc_feat_nine_boxes,
          minmay_tetromino_t4
D:2:      layout_basic
D:3:      layout_loops_ring
D:4:      layout_basic, nicolae_ashenzari_skybound,
          nicolae_sif_muna_condensation, mainiacjoe_overflow_cross_hatched,
          minmay_temple_entry_poolview, gup_sewer_entry_bowl,
          minmay_fractal_squares_gapless_5, uniq_pikel, uniq_blork_the_orc,
          uniq_eustachio, uniq_edmund
D:7:      layout_basic, grunt_qazlal_sundering, lemuel_flame_loot_1,
          uniq_menkaure
D:8:      cheibrodos_iron_armory, layout_rooms,
          mainiacjoe_overflow_tiny_flanked, minivault_10, kennysheep_cross_room,
          minmay_strange_pillars
D:9:      minmay_flawed_box, layout_cave_pods, marbit_many_paths,
          minmay_three_doors

Skill      XL: |  1  2  3  4 |
---------------+-------------+-----
Poison Magic   | 5 |  5.4
Stealth        | 3 |  3.2
Transmutations | 2 |  2.3
Spellcasting   | 3 |  3.0
Dodging        | |  1.9

Action                   |  1- 3 |  4- 6 || total
-------------------------+-------+-------++-------
Melee: Unarmed           |    13 |    14 ||    27
 Cast: Sting             |    56 |    19 ||    75
 Abil: Shaft Self        |       |     3 ||     3
  Use: Potion            |       |     3 ||     3
       Scroll            |       |     2 ||     2
Armor: Robe              |     9 |     4 ||    13
Dodge: Dodged            |    17 |    20 ||    37
